 Dungeon Crawl Stone Soup version 0.23-a0-767-gdc19b93d68 (webtiles) character file.

4779 Napalmbreeze the Fighter (level 10, -1/86 HPs)
             Began as a Formicid Fighter on Jan 29, 2019.
             Was a Follower of Ru.
             Slain by a swamp worm (19 damage)
             ... on level 8 of the Dungeon.
             The game lasted 00:25:36 (10003 turns).

Napalmbreeze the Fighter (Formicid Fighter)        Turns: 10003, Time: 00:25:37

Health: -1/86      AC: 14    Str: 25    XL:     10   Next: 75%
Magic:  10/10      EV: 11    Int:  9    God:    Ru [*.....]
Gold:   140        SH: 12    Dex: 10    Spells: 9/9 levels left

rFire    . . .     SeeInvis +   F - +4 long sword (freeze)
rCold    . . .     Gourm    .   c - +1 shield
rNeg     . . .     Faith    .   b - +0 scale mail
rPois    .         Spirit   .   (helmet unavailable)
rElec    .         Reflect  .   t - +0 cloak (curse)
rCorr    .         Harm     +   A - +2 pair of gloves
MR       +....                  y - +0 pair of boots
Stlth    ..........             q - amulet of harm
HPRegen  0.24/turn              s - -3 ring of strength (curse)
MPRegen  0.12/turn              j - ring of wizardry

@: mighty, no scrolls
A: permanent stasis, dig shafts and tunnels, four strong arms, antennae 3,
inability to read while threatened
a: Dig, Shaft Self, Renounce Religion


You were on level 8 of the Dungeon.
You worshipped Ru.
Ru was aware of your devotion.
You were not hungry.

You visited 2 branches of the dungeon, and saw 9 of its levels.

You collected 335 gold pieces.
You spent 195 gold pieces at shops.

Inventory:

Hand Weapons
 a - a +5 mace
 m - a +1 dagger of venom
 F - a +4 long sword of freezing (weapon)
Armour
 b - a +0 scale mail (worn)
 c - a +1 shield (worn)
 n - the +0 large shield of Hosixuc {+Blink rCorr Dex+3 Stlth+}
   (You acquired it on level 7 of the Dungeon)

   It affects your dexterity (+3).
   It lets you blink.
   It provides partial protection from all sources of acid and corrosion.
   It makes you more stealthy.
 t - a cursed +0 cloak (worn)
 y - a +0 pair of boots (worn)
 A - a +2 pair of gloves (worn)
Jewellery
 j - a ring of wizardry (right hand)
 q - an amulet of harm (around neck)
 s - a cursed -3 ring of strength (left hand)
 u - an uncursed amulet of guardian spirit {unknown}
 v - an uncursed ring of magical power
Wands
 r - a wand of disintegration (6)
 C - a wand of flame (17)
 E - a wand of paralysis (8)
Scrolls
 h - 2 scrolls of immolation
 i - 5 scrolls of amnesia
 l - 4 scrolls of identify
 o - 4 scrolls of enchant armour
 p - 3 scrolls of fog
 D - a scroll of noise {unknown}
Potions
 d - 3 potions of might
 e - a potion of agility {unknown}
 g - a potion of curing
 k - 5 potions of degeneration {unknown}
 w - 2 potions of brilliance {unknown}
 x - 2 potions of berserk rage {unknown}
 z - a potion of cancellation {unknown}
 B - a potion of resistance {unknown}
 G - a potion of haste {unknown}
Comestibles
 f - 14 rations


   Skills:
 + Level 10.4 Fighting
 - Level 6.6 Long Blades
 * Level 0.4 Maces & Flails
 + Level 7.8 Armour
 + Level 3.8 Dodging
 + Level 8.6 Shields


You had 9 spell levels left.
You didn't know any spells.
Your spell library contained the following spells:

 Spells                   Type           Power        Failure   Level  Hunger
 Animate Skeleton         Necr           N/A          34%         1    ##.....
 Apportation              Tloc           #.....       34%         1    ##.....
 Confusing Touch          Hex            #.....       34%         1    ##.....
 Summon Small Mammal      Summ           #...         34%         1    ##.....


Dungeon Overview and Level Annotations

Branches:
Dungeon (8/15)             Temple (1/1) D:4
   Lair: D:8-11

Altars:
Ashenzari
Cheibriados
Dithmenos
Elyvilon
Fedhas
Gozag
Hepliaklqana
Kikubaaqudgha
Makhleb
Nemelex Xobeh
Okawaru
Ru
Trog
Uskayaw
Wu Jian
Xom
Yredelemnul
Zin

Shops:
D:4 [   D:8 [


Innate Abilities, Weirdness & Mutations

You cannot be hasted, slowed, berserked, paralysed or teleported.
You can dig through walls and to a lower floor.
Your four strong arms can wield two-handed weapons with a shield.
You have a pair of large antennae on your head. (SInv)
You cannot read scrolls while threatened.


Message History

Unknown command.
Unknown command.
You feel very mighty all of a sudden.
You can read scrolls again.
You block the swamp worm's attack.
Unknown command.
You slice the swamp worm!! You freeze the swamp worm!
You kill the swamp worm!
Unknown command.
You closely miss the swamp worm.
The swamp worm is lightly wounded.
The swamp worm bites you but does no damage.
Unknown command.
You barely miss the swamp worm.
The swamp worm is lightly wounded.
The swamp worm barely misses you.
You riposte.
You closely miss the swamp worm.
Unknown command.
You closely miss the swamp worm. The swamp worm bites you!
You feel threatened and lose the ability to read scrolls!
You die...

#.##.......#..<...##......
#.##.......#.#).#.########
#####.##...._.......#.# ##.
#.....####.....#...##.#
##.#
#.##...........#..###.#
##.##
#.##.####..#..##..###.#
#.##.
#.##.####.##.###......#
##.#.
#......).....####.#####
##.. ####.####....@ww..#
#####^ #.####....##w.##
###...#.
#......#####..######.....#.
###########≈w≈≈≈≈≈...#.....
##≈≈≈≈≈≈≈≈≈≈≈..####.
#≈≈≈.######≈≈≈.# #.
#≈≈P#≈≈≈w≈##≈≈.# #. #≈≈P
≈≈≈ww)#≈≈## ##. #≈≈P
≈≈≈≈≈##≈≈# #..


You could see 3 swamp worms.

Vanquished Creatures
  Grinder (D:5)
  A hippogriff (D:7)
  Sigmund (D:6)
  A human (D:7)
  4 hogs (D:7)
  A swamp worm (D:8)
  3 ice beasts
  2 sky beasts
  2 orc warriors
  5 ogres
  A centaur (D:5)
  3 bullfrogs (D:6)
  2 big kobolds
  2 scorpions
  6 killer bees (D:7)
  9 wights
  2 crimson imps (D:6)
  A howler monkey (D:3)
  2 bullfrog zombies
  A centaur zombie (D:7)
  A gnoll shaman (D:4)
  5 orc priests
  3 hounds
  A jelly (D:8)
  3 iguanas
  4 worker ants
  9 orc wizards
  A worker ant zombie (D:5)
  10 gnolls
  12 adders
  4 oozes
  2 worms
  5 dart slugs
  6 leopard geckos
  21 orcs
  3 giant cockroaches
  10 hobgoblins
  2 jackals
  18 kobolds
  3 quokkas
  2 ball pythons
  11 bats
  4 frilled lizards
  A giant cockroach zombie (D:6)
  7 goblins
  6 rats
  A butterfly (D:7)
205 creatures vanquished.

Vanquished Creatures (others)
  A plant (D:8)
1 creature vanquished.

Grand Total: 206 creatures vanquished

Notes
Turn   | Place    | Note
-------+----------+-------------------------------------------
     0 | D:1      | Napalmbreeze the Formicid Fighter began the quest for the
                  | Orb.
     0 | D:1      | Reached XP level 1. HP: 18/18 MP: 1/1
    60 | D:1      | Reached XP level 2. HP: 24/24 MP: 2/2
   233 | D:1      | Reached XP level 3. HP: 28/30 MP: 3/3
   922 | D:2      | Reached skill level 4 in Fighting
   942 | D:2      | Reached XP level 4. HP: 34/37 MP: 4/4
  1056 | D:2      | Found a glowing silver altar of Zin.
  1577 | D:3      | Reached XP level 5. HP: 38/43 MP: 5/5
  2019 | D:3      | Reached skill level 5 in Fighting
  2019 | D:3      | Reached XP level 6. HP: 44/51 MP: 6/6
  2942 | D:4      | Noticed an ogre
  2944 | D:4      | Reached skill level 5 in Shields
  2968 | D:4      | Killed an ogre
  2968 | D:4      | Reached XP level 7. HP: 30/57 MP: 7/7
  3282 | D:4      | Found Xawusi's Antique Armour Shoppe.
  3311 | D:4      | Found a staircase to the Ecumenical Temple.
  3328 | D:4      | Found a white marble altar of Elyvilon.
  3499 | Temple   | Entered the Ecumenical Temple
  3517 | Temple   | Became a worshipper of Ru the Awakened
  3543 | D:5      | Entered Level 5 of the Dungeon
  3605 | D:5      | Got a twisted hat
  3731 | D:5      | Reached skill level 6 in Fighting
  3778 | D:5      | Found a basalt altar of Yredelemnul.
  3809 | D:5      | Reached skill level 5 in Armour
  4150 | D:5      | Noticed Grinder
  4215 | D:5      | Killed Grinder
  4215 | D:5      | Reached XP level 8. HP: 11/65 MP: 8/8
  4325 | D:5      | Reached skill level 7 in Fighting
  5738 | D:6      | Found an ancient bone altar of Kikubaaqudgha.
  5738 | D:6      | Found a snail-covered altar of Cheibriados.
  5830 | D:4      | Bought a pair of runed gloves for 195 gold pieces
  5905 | D:4      | Reached skill level 8 in Fighting
  5905 | D:4      | Reached XP level 9. HP: 37/74 MP: 9/9
  6081 | D:5      | Reached skill level 5 in Long Blades
  6130 | D:5      | Reached skill level 1 in Dodging
  6364 | D:6      | Noticed Sigmund
  6385 | D:6      | Killed Sigmund
  7035 | D:6      | Reached skill level 9 in Fighting
  7514 | D:7      | Noticed a hippogriff
  7519 | D:7      | Killed a hippogriff
  7519 | D:7      | Reached XP level 10. HP: 83/83 MP: 10/10
  7717 | D:7      | Found a blossoming altar of Fedhas.
  7821 | D:7      | Found a shimmering altar of Xom.
  8398 | D:7      | Gained mutation: You cannot read scrolls while threatened.
                  | [Ru sacrifice]
  8398 | D:7      | Reached * piety under Ru
  8639 | D:7      | Found a bloodstained altar of Trog.
  8997 | D:7      | Identified a scroll of acquirement
  8998 | D:7      | Got a warped large shield
  9010 | D:7      | Identified the +0 large shield of Hosixuc {+Blink rCorr
                  | Dex+3 Stlth+} (You acquired it on level 7 of the Dungeon)
  9095 | D:7      | Reached skill level 10 in Fighting
  9324 | D:8      | Found a shimmering altar of Xom.
  9704 | D:8      | Found Guxe's Antique Armour Shop.
 10003 | D:8      | Slain by a swamp worm

Vault maps used:
D:1:      scummos_arrival_simple_crosswalls, glass_columns_c,
          hangedman_abyss_or_decor_lesser_grid, chequers_serial_rivers_marsh,
          chequers_serial_rivers_micro_a
D:2:      zin_statuary
D:4:      elyvilon_altar_4, temple_doors_e, first_ration, serial_shops, shop
D:5:      basic_altar, feat_on_display, uniq_grinder
D:6:      grunt_temple_overflow_open, uniq_sigmund
D:7:      fedhas_altar_1, xom_butterflies, lemuel_doored_altar, grunt_livestock
D:8:      serial_shops, nicolae_shop_crystal, basic_altar, worms_lemuel
Temple:   cyrus_circular_temple

Skill      XL: |  1  2  3  4  5  6  7  8  9 10 |
---------------+-------------------------------+-----
Shields        | 4 5 6 7 8 |  8.6
Fighting       | 4 5 6 8 9 10 | 10.4
Armour         | 4 5 6 7 |  7.8
Long Blades    | 3 4 5 6 |  6.6
Dodging        | 2 3 |  3.8
Maces & Flails | |  0.4

Action                   |  1- 3 |  4- 6 |  7- 9 | 10-12 || total
-------------------------+-------+-------+-------+-------++-------
Melee: Long sword        |   109 |   161 |   438 |   189 ||   897
Invok: Sacrifice Words   |       |       |       |     1 ||     1
 Abil: Dig               |       |       |       |     1 ||     1
Evoke: Wand              |       |     2 |     5 |       ||     7
  Use: Scroll            |       |     6 |     1 |     2 ||     9
       Potion            |       |     2 |     3 |     3 ||     8
 Stab: Distracted        |       |       |       |     1 ||     1
  Eat: Chunk             |       |     7 |    15 |     4 ||    26
       Ration            |       |       |       |     2 ||     2
Armor: Scale mail        |    62 |    58 |   171 |    36 ||   327
Dodge: Dodged            |    47 |    36 |   132 |    55 ||   270
Block: Shield            |    59 |   103 |   280 |    95 ||   537
       Rpst.: Long sword |    10 |    16 |    37 |    20 ||    83

Table legend:
 A = Non-vault XP
 B = Vault XP
 C = Vault XP percentage of total XP
 D = Non-vault monster count
 E = Vault monster count
 F = Vault count percentage of total count
                 A         B        C        D         E       F
            +---------+---------+-------+---------+---------+-------
      Total |    5172 |    1656 |  24.3 |     196 |       8 |   3.9
            +---------+---------+-------+---------+---------+-------
        D:1 |      54 |       0 |   0.0 |      27 |       0 |   0.0
        D:2 |      64 |       0 |   0.0 |      23 |       0 |   0.0
        D:3 |     186 |       0 |   0.0 |      24 |       0 |   0.0
        D:4 |     508 |       0 |   0.0 |      17 |       0 |   0.0
        D:5 |     905 |     281 |  23.7 |      32 |       1 |   3.0
        D:6 |    1077 |     220 |  17.0 |      29 |       1 |   3.3
        D:7 |    1596 |     995 |  38.4 |      28 |       5 |  15.2
        D:8 |     782 |     160 |  17.0 |      16 |       1 |   5.9
            +---------+---------+-------+---------+---------+-------
